 Dungeon Crawl Stone Soup version 0.30.0-18-gc0e69614cb (webtiles) character file.

Game seed: 10367592770840310762

9071 monsoonserge the Thaumaturge (level 11, -4/76 HPs)
             Began as a Djinni Venom Mage on May 23, 2023.
             Was a Follower of Ashenzari.
             Slain by a cane toad (8 damage)
             ... on level 1 of the Lair of Beasts.
             The game lasted 01:01:53 (11083 turns).

monsoonserge the Thaumaturge (Djinni Venom Mage)   Turns: 11083, Time: 01:01:54

Health: -4/76      AC: 10    Str:  7    XL:     11   Next: 67%
Gold:   533        EV: 10    Int: 21    God:    Ashenzari [*.....] SH:  8 Dex: 14

rFire   + + .        d - +1 long sword (holy)
rCold   . . .        n - +2 buckler "Tethered With Me" {Fort, Self} (curse)
rNeg    + . .        s - +3 ring mail {rN+}
rPois   ∞            (helmet restricted)
rElec   .            l - +0 cloak
rCorr   .            (no gloves)
SInv    .            (boots unavailable)
Will    ++...        (no amulet)
Stlth   +            c - ring of willpower
HPRegen 0.32/turn    p - ring of Ashenzari's Discomfort {rC+, Evo, Fort} (curse)
MPRegen 0.00/turn

%: infuse magic (-5 HP)
@: flying, very slightly contaminated
A: sickness immunity, fire resistance 2, cold vulnerability 1, float, innate
caster, HP casting, extra vitality 1, horns 1
a: Renounce Religion, Curse Item, Shatter the Chains


You were on level 1 of the Lair of Beasts.
You worshipped Ashenzari.
Ashenzari was aware of your devotion.
You visited 3 branches of the dungeon, and saw 11 of its levels.

You collected 533 gold pieces.

Inventory:

Hand Weapons
 d - a +1 long sword of holy wrath (weapon)
 f - a +3 sling
 m - a +0 falchion of protection
 o - a +1 sling of freezing
 u - a +2 dagger of freezing
 A - a +2 dagger of venom
 I - a +2 heavy dire flail
Missiles
 b - 6 poisoned darts
 w - a curare-tipped dart
 E - 2 boomerangs (quivered)
Armour
 l - a +0 cloak (worn)
 n - the cursed +2 buckler "Tethered With Me" (worn) {Fort, Self}
   (You found it on level 2 of the Dungeon)

   It has a curse which improves the following skills: Fortitude: Armour and
   Shields.
   Introspection: Fighting and Spellcasting.
 s - a +3 ring mail of positive energy (worn)
 y - +0 steam dragon scales
 J - a +2 chain mail of willpower
 M - a +0 troll leather armour
Jewellery
 c - a ring of willpower (left hand)
 p - the cursed ring of Ashenzari's Discomfort (right hand) {rC+, Evo, Fort}
   (You found it on level 2 of the Dungeon)

   [ring of protection from cold]

   rC:        It protects you from cold.
   It has a curse which improves the following skills: Evocations: Evocations.
   Fortitude: Armour and Shields.
Scrolls
 e - 2 scrolls of vulnerability
 i - 2 scrolls of poison
 k - 2 scrolls of enchant weapon
 t - 2 scrolls of magic mapping
 x - a scroll of fog
 D - a scroll of enchant armour
 F - a scroll of immolation
 G - 2 scrolls of fear
Potions
 a - 2 potions of curing
 g - 2 potions of cancellation
 h - a potion of ambrosia
 j - 3 potions of attraction
 r - 2 potions of invisibility
 v - 2 potions of haste
 z - a potion of resistance
 C - a potion of mutation
 H - a potion of heal wounds
 K - 2 potions of flight
Miscellaneous
 B - a piece from Xom's chessboard (15/15)


   Skills:
 + Level 4.7(5.5) Fighting
 + Level 2.4(2.6) Short Blades
 + Level 1.4(2.1) Long Blades
 + Level 3.2 Ranged Weapons
 + Level 0.1 Throwing
 + Level 6.0(7.2) Armour
 + Level 4.3 Dodging
 + Level 2.5 Stealth
 * Level 6.4(7.6) Shields
 + Level 3.7 Unarmed Combat
 * Level 9.4(10.2) Spellcasting


You knew the following spells:

 Your Spells              Type           Power      Damage    Failure   Level
a - Sting                 Tmut/Pois      100%       1d8       1%          1
b - Poisonous Vapours     Pois/Air       100%       N/A       1%          2
c - Mephitic Cloud        Conj/Pois/Air  52%        N/A       1%          3
d - Olgreb's Toxic Radia  Pois           52%        N/A       4%          4
e - Beastly Appendage     Tmut           100%       N/A       1%          1
f - Call Imp              Summ           100%       N/A       1%          2
g - Portal Projectile     Hex/Tloc       100%       N/A       1%          3
h - Ice Form              Ice/Tmut       52%        N/A       4%          4
i - Iskenderun's Mystic   Conj/Tloc      52%        2d11      4%          4
Your spell library was empty.

Dungeon Overview and Level Annotations

Branches:
Dungeon (9/15)             Temple (1/1) D:6            Lair (1/5) D:9
    Orc (0/2) D:9

Altars:
Ashenzari
Cheibriados
Dithmenos
Elyvilon
Gozag
Makhleb
Nemelex Xobeh
Okawaru
Qazlal
Ru
Trog
Uskayaw
Xom
Yredelemnul
Zin
The Shining One

Annotations:
D:5 3 runed translucent doors, Demosthentine's ghost, novice DsGl; GloriousHammer's ghost, novice KoEn; middlethird's ghost, novice VSAE


Innate Abilities, Weirdness & Mutations

You are immune to sickness and miasma.
You are immune to poison.
Your flesh is very heat resistant. (rF++)
You are vulnerable to cold. (rC-)
You float through the air rather than walking.
You learn spells naturally, not from books.
Your magical power is your life essence.
You have superior vitality. (+4 MHP)
You have a pair of small horns on your head.


Message History

The cane toad stings you but does no damage.
You barely miss the cane toad.
You headbutt the cane toad, but do no damage.
The cane toad is almost dead.
The cane toad stings you but does no damage.
The cane toad stings you!
Casting: Iskenderun's Mystic Blast (dangerous; 4% risk of failure)
Confirm with . or Enter, or press ? or * to list all spells.
A tiny devil pulls itself out of the air.
* * * LOW HITPOINT WARNING * * *
You block the cane toad's attack.
You completely miss the cane toad. Your headbutt misses the cane toad.
The cane toad is severely wounded.
The cane toad stings you!
* * * LOW HITPOINT WARNING * * *
Your cerulean imp hits the cane toad from afar with a +1 spear.
You block the cane toad's attack.
Okay, then.
Casting: Call Imp (safe; 1% risk of failure)
Confirm with . or Enter, or press ? or * to list all spells.
Okay, then.
Casting: Call Imp (safe; 1% risk of failure)
Confirm with . or Enter, or press ? or * to list all spells.
Really blast near your cerulean imp?
You miscast Iskenderun's Mystic Blast.
You are very lightly contaminated with residual magic.
Nothing appears to happen.
* * * LOW HITPOINT WARNING * * *
You block the cane toad's attack.
Your cerulean imp hits the cane toad but does no damage.
Unknown command.
You barely miss the cane toad. You headbutt the cane toad.
The cane toad is almost dead.
The cane toad barely misses you.
Your cerulean imp hits the cane toad from afar with a +1 spear.
You barely miss the cane toad. Your headbutt misses the cane toad.
The cane toad is almost dead.
Your cerulean imp hits the cane toad with a +1 spear.
The cane toad stings you!
You die...

....... .......
................
................
................
#...~.#........
##.~~~~.......##
#.~≈≈≈≈†.5.....#
#.~≈≈≈~.†F....#
#.~≈≈≈~~@.....#
..~~≈≈~.......#
...≈≈≈≈≈~.....#
...~~≈≈≈~.....#
....~~≈≈~......#
##...≈~~......##
###..........#
#####......#


You could see a cane toad (ally target) and a friendly cerulean imp (summoned).

Vanquished Creatures
  A cane toad (D:9)
  A komodo dragon (D:9)
  A troll (D:8)
  Grinder (D:6)
  A wraith (D:9)
  12 yaks
  A basilisk (Lair:1)
  4 steam dragons
  3 vampire mosquitoes (D:7)
  Edmund (D:5)
  Duvessa (D:7)
  7 water moccasins
  2 black bears (D:9)
  5 orc warriors
  An ogre (D:5)
  A centaur (D:9)
  A phantom (D:6)
  Blork the orc (D:6)
  A kobold brigand (D:9)
  4 bullfrogs
  2 necrophages (D:6)
  2 scorpions (D:4)
  A gnoll sergeant (D:9)
  A water moccasin zombie (D:6)
  3 wights (D:8)
  Dowan (D:7)
  8 killer bees (D:9)
  2 howler monkeys
  An electric eel (Lair:1)
  A centaur zombie (D:6)
  A gnoll bouda (D:6)
  A human zombie (D:6)
  2 jellies (D:4)
  8 orc priests
  5 hounds (D:4)
  A sleepcap (D:4)
  Terence (D:2)
  3 iguanas
  6 orc wizards
  3 mummies (D:6)
  A howler monkey zombie (D:6)
  8 gnolls
  6 adders
  A white imp (D:7)
  A worm (D:2)
  2 dart slugs
  31 orcs
  5 bats
  5 endoplasms
  6 giant cockroaches
  9 goblins
  9 hobgoblins
  15 jackals
  3 quokkas
  8 ball pythons
  3 frilled lizards (D:1)
  13 kobolds
  7 rats
236 creatures vanquished.

Vanquished Creatures (collateral kills)
  3 yaks
  An acid dragon (D:8)
  A centaur (D:8)
  A necrophage (D:6)
  A wight (D:6)
  A water moccasin zombie (D:6)
  A sleepcap (D:5)
  An orc wizard (D:9)
  A gnoll (D:9)
  3 orcs (D:9)
  A giant cockroach (D:3)
15 creatures vanquished.

Vanquished Creatures (others)
  A quokka (D:7)
1 creature vanquished.

Grand Total: 252 creatures vanquished

Notes
Turn   | Place    | Note
-------+----------+-------------------------------------------
     0 | D:1      | monsoonserge the Djinni Venom Mage began the quest for the
                  | Orb.
     0 | D:1      | monsoonserge set off with the following spells memorised:
                  | Sting, Poisonous Vapours, Mephitic Cloud, Olgreb's Toxic
                  | Radiance.
     0 | D:1      | Reached XP level 1. HP: 15/15 MP: 0/0
   214 | D:1      | Reached XP level 2. HP: 21/21 MP: 0/0
   324 | D:1      | Reached skill level 3 in Spellcasting
   536 | D:1      | Reached XP level 3. HP: 25/25 MP: 0/0
   536 | D:1      | Learned a level 1 spell: Beastly Appendage
  1082 | D:2      | Reached XP level 4. HP: 25/31 MP: 0/0
  1175 | D:2      | Reached skill level 1 in Ranged Weapons
  1416 | D:2      | Noticed Terence
  1428 | D:2      | Killed Terence
  1506 | D:2      | Reached skill level 1 in Fighting
  1811 | D:3      | Reached XP level 5. HP: 37/37 MP: 0/0
  1811 | D:3      | Learned a level 2 spell: Call Imp
  2383 | D:4      | Reached skill level 1 in Shields
  2383 | D:4      | Reached skill level 4 in Spellcasting
  2383 | D:4      | Reached XP level 6. HP: 32/42 MP: 0/0
  2524 | D:4      | Reached XP level 7. HP: 24/47 MP: 0/0
  2524 | D:4      | Learned a level 3 spell: Portal Projectile
  2802 | D:4      | HP: 2/47 [orc/+0 flail (2)]
  2806 | D:4      | Reached skill level 1 in Armour
  3372 | D:4      | Reached XP level 8. HP: 40/53 MP: 0/0
  3427 | D:5      | Entered Level 5 of the Dungeon
  3624 | D:5      | Reached skill level 5 in Spellcasting
  3729 | D:5      | Found a glowing golden altar of the Shining One.
  4089 | D:5      | Found a runed translucent gate.
  4089 | D:5      | Found a runed translucent gate.
  4089 | D:5      | Noticed Demosthentine's ghost (novice DsGl)
  4090 | D:5      | Found a runed translucent gate.
  4091 | D:5      | Noticed middlethird's ghost (novice VSAE)
  4092 | D:5      | Noticed GloriousHammer's ghost (novice KoEn)
  4282 | D:6      | Noticed Blork the orc
  4291 | D:6      | Killed Blork the orc
  4291 | D:6      | Noticed Grinder
  4294 | D:6      | Noticed Edmund
  4318 | D:5      | Killed Edmund
  4649 | D:5      | Reached skill level 1 in Short Blades
  4726 | D:6      | Reached XP level 9. HP: 43/58 MP: 0/0
  4726 | D:6      | Learned a level 4 spell: Ice Form
  4731 | D:6      | Reached skill level 6 in Spellcasting
  4862 | D:6      | Found a staircase to the Ecumenical Temple.
  5006 | Temple   | Entered the Ecumenical Temple
  5187 | Temple   | Upgraded the game from 0.30.0-17-ge0270778cf to
                  | 0.30.0-18-gc0e69614cb
  5230 | Temple   | Became a worshipper of Ashenzari the Shackled
  5341 | D:6      | Killed Grinder
  5460 | D:6      | Reached skill level 1 in Unarmed Combat
  5469 | D:6      | Found a basalt altar of Yredelemnul.
  6424 | D:7      | Reached XP level 10. HP: 35/66 MP: 0/0
  6428 | D:7      | Reached skill level 7 in Spellcasting
  6638 | D:7      | Found a burning altar of Makhleb.
  6639 | D:7      | Found an iron altar of Okawaru.
  6991 | D:7      | Noticed Dowan
  7003 | D:7      | Killed Dowan
  7007 | D:7      | Noticed Duvessa
  7018 | D:7      | Killed Duvessa
  7079 | D:7      | Identified the cursed +2 buckler "Tethered With Me" {Fort,
                  | Self} (You found it on level 2 of the Dungeon)
  7142 | D:7      | Found a white marble altar of Elyvilon.
  7738 | D:8      | Reached skill level 5 in Armour
  8048 | D:8      | Gained mutation: You expend health (3 HP) to strengthen
                  | your wands. [potion of mutation]
  8048 | D:8      | Lost mutation: You expend health (3 HP) to strengthen your
                  | wands. [potion of mutation]
  8048 | D:8      | Gained mutation: You have a pair of large horns on your
                  | head. [potion of mutation]
  8271 | D:8      | Reached skill level 5 in Shields
  8365 | D:8      | Reached * piety under Ashenzari
  9069 | D:9      | Reached skill level 8 in Spellcasting
  9207 | D:9      | Reached XP level 11. HP: 20/74 MP: 0/0
  9207 | D:9      | Learned a level 4 spell: Iskenderun's Mystic Blast
  9733 | D:9      | Found a glowing silver altar of Zin.
 10042 | D:9      | Reached skill level 9 in Spellcasting
 10120 | D:9      | Found a staircase to the Lair.
 10288 | D:9      | Found a staircase to the Orcish Mines.
 10523 | D:9      | Found a sacrificial altar of Ru.
 10895 | Lair:1   | Entered Level 1 of the Lair of Beasts
 11074 | Lair:1   | Reached skill level 1 in Long Blades
 11083 | Lair:1   | Slain by a cane toad

Illustrated notes

Levels and vault maps discovered:
D:1:      ebering_hopf_link, layout_loops_ring, chequers_serial_rivers_small_3
D:2:      wander_river, layout_basic, chequers_serial_rivers_small_a,
          uniq_terence
D:3:      layout_basic
D:4:      minmay_clustersquares, layout_loops_ring, kennysheep_generic_room_13
D:5:      layout_rooms, mainiacjoe_overflow_catwalk, tso_oasis_becter,
          gammafunk_ghost_cemetery, kennysheep_big_empty_room
D:6:      layout_cave_pools, lemuel_mausoleum_altar_yredelemnul, temple_statues,
          uniq_grinder, uniq_blork_the_orc, uniq_edmund
D:7:      layout_loops_ring, elyvilon_altar_4, mainiacjoe_overflow_divided_tiny,
          uniq_duvessa
D:8:      layout_loops_cross
D:9:      layout_rooms, nicolae_overflow_crystal_walls, vehumet_crystals,
          mainiacjoe_overflow_24_doors, due_lair_maze_entry_diamond, david_orc_2
Temple:   jpeg_temple_alley_garden
Lair:1:   layout_cellular_growth, serial_bayou_pond_a, infiniplex_staircase_pool

Skill      XL: |  1  2  3  4  5  6  7  8  9 10 11 |
---------------+----------------------------------+-----
Spellcasting   | 3 4 5 6 8 9 |  9.4
Ranged Weapons | 1 2 3 |  3.2
Fighting       | 1 2 3 4 |  4.7
Shields        | 1 2 3 4 5 6 |  6.4
Armour         | 2 3 4 5 6 |  6.0
Stealth        | 2 |  2.5
Short Blades   | 1 2 |  2.4
Unarmed Combat | 2 3 |  3.7
Dodging        | 3 4 |  4.3
Long Blades    | 1 |  1.4
Throwing       | |  0.1

Action                     |  1- 3 |  4- 6 |  7- 9 | 10-12 || total
---------------------------+-------+-------+-------+-------++-------
  Melee: Unarmed           |     1 |       |   103 |    14 ||   118
         Dagger            |       |       |   100 |   223 ||   323
         Headbutt          |       |       |     9 |    46 ||    55
         Long sword        |       |       |       |    39 ||    39
   Fire: Sling             |    62 |    97 |    59 |       ||   218
  Throw: Boomerang         |       |       |       |     5 ||     5
         Dart              |       |       |       |     1 ||     1
   Cast: Sting             |    23 |    31 |    52 |    54 ||   160
         Poisonous Vapours |     9 |    16 |    39 |    24 ||    88
         Call Imp          |       |     3 |     6 |    16 ||    25
         Beastly Appendage |       |       |     5 |     4 ||     9
         Mephitic Cloud    |       |       |     2 |     2 ||     4
         Ice Form          |       |       |     6 |     2 ||     8
         Olgreb's Toxic Ra |       |       |       |    22 ||    22
         Iskenderun's Myst |       |       |       |     6 ||     6
 Invoke: Curse Item        |       |       |       |     2 ||     2
    Use: Potion            |       |       |     3 |     2 ||     5
         Scroll            |       |       |       |     1 ||     1
   Stab: Sleeping          |     1 |       |       |       ||     1
         Distracted        |       |       |     3 |       ||     3
 Armour: Robe              |     7 |     5 |       |       ||    12
         Leather armour    |       |     6 |    19 |       ||    25
         Skin              |       |       |    38 |    15 ||    53
         Ring mail         |       |       |     4 |    62 ||    66
  Dodge: Dodged            |    22 |    38 |   121 |   119 ||   300
  Block: Buckler           |       |    11 |    53 |   115 ||   179
